 Dungeon Sprint DCSS version 0.20-b1-18-gaa2fd62 (webtiles) character file.

10946 potatolord6000 the Peltast (level 12, 0/110 HPs)
             Began as a Formicid Fighter on May 24, 2017.
             Was an Initiate of Gozag.
             Slain by an orc warrior
             ... wielding a +0 scimitar of freezing
              (18 damage)
             ... in the Dungeon (Sprint IX: "|||||||||||||||||||||||||||||").
             The game lasted 00:06:30 (1451 turns).

potatolord6000 the Peltast (Formicid Fighter)       Turns: 1451, Time: 00:06:31

Health: 0/110      AC: 11    Str: 32    XL:     12   Next: 1%
Magic:  12/12      EV: 17    Int:  9    God:    Gozag
Gold:   1179       SH:  0    Dex: 10    Spells: 11/11 levels left

rFire    + + .     SeeInvis .   (weapon currently unavailable)
rCold    + + .     Gourm    .   (shield currently unavailable)
rNeg     + + +     Faith    .   (armour currently unavailable)
rPois    ∞         Spirit   .   (helmet unavailable)
rElec    +         Reflect  .   (cloak currently unavailable)
rCorr    +         Harm     .   (gloves currently unavailable)
MR       ++...                  (boots currently unavailable)
Stlth    +.........             (amulet currently unavailable)
Regen    0.3/turn               (ring currently unavailable)
MPRegen  0.2/turn               (ring currently unavailable)

@: mighty, wisp-form, gold aura, flying, slow
A: permanent stasis, dig shafts and tunnels, four strong arms, magic resistance
1, strong 1
a: Potion Petition, Call Merchant, Bribe Branch, Renounce Religion


You were in the Dungeon.
You worshipped Gozag.
Gozag was most pleased with you.
You were not hungry.
You were an insubstantial wisp.
You visited 1 branch You collected 5362 gold pieces.
You spent 1226 gold pieces at shops.
You paid 2957 gold pieces to Gozag.

Inventory:

Hand Weapons
 l - a +2 halberd of venom (melded)
Armour
 a - a +0 cloak (melded)
 c - a +0 shield (melded)
 f - a +1 pair of gloves of dexterity (melded)
 m - a +0 plate armour (melded)
 u - a +0 pair of boots (melded)
Jewellery
 d - the ring of Zucylyu (melded) {*Slow rF+ MR+ Str+8 SInv}
   (You bought it in a shop in the Dungeon)

   [ring of protection from magic]

   It affects your strength (+8).
   It protects you from fire.
   It affects your resistance to hostile enchantments.
   It lets you see invisible.
   It may slow you when you take damage.
 n - a +2 ring of protection (melded)
Scrolls
 b - a scroll of enchant armour
 j - 3 scrolls of remove curse
 k - 2 scrolls of amnesia
 q - 2 scrolls of recharging
 r - 3 scrolls of fear
 s - a scroll of identify
Potions
 e - a potion of invisibility
 h - 5 potions of curing
 i - 4 potions of magic
 o - a potion of brilliance
Comestibles
 g - 40 fruits
 p - 12 bread rations
 t - 12 meat rations


   Skills:
 + Level 15.4 Fighting
 + Level 14.2 Polearms
 + Level 15.4 Armour
 + Level 16.6 Shields


You had 11 spell levels left.
You didn't know any spells.

Dungeon Overview and Level Annotations

Branches:
Dungeon (1/1)

Altars:
Cheibriados
Dithmenos
Elyvilon
Fedhas
Gozag
Hepliaklqana
Kikubaaqudgha
Makhleb
Nemelex Xobeh
Okawaru
Qazlal
Ru
Sif Muna
Trog
Uskayaw
Vehumet
Xom
Yredelemnul
Zin
The Shining One
Beogh
Jiyva
Lugonu

Shops:
D =[=!


Innate Abilities, Weirdness & Mutations

You cannot be hasted, slowed, berserked, paralysed or teleported.
You can dig through walls and to a lower floor.
Your four strong arms can wield two-handed weapons with a shield.
((You have a pair of large antennae on your head. (SInv)))
You are resistant to hostile enchantments. (MR+)
Your muscles are strong. (Str +2)


Message History

You engulf the orc warrior!!
The orc warrior is almost dead.
The orc is distracted by the nearby gold.
Unknown command.
You closely miss the orc warrior.
The orc warrior is almost dead.
The orc warrior hits you with a broad axe of flaming!
* * * LOW HITPOINT WARNING * * *
The orc warrior burns you.
* * * LOW HITPOINT WARNING * * *
You hit the orc warrior!
You kill the orc warrior!
The orc is no longer distracted by gold.
Unknown command.
You touch the orc warrior.
The orc warrior is lightly wounded.
The orc warrior is no longer distracted by gold.
The orc warrior hits you with a scimitar of freezing!!
You die...
Your body crumbles into a pile of gold. {{{{{ { {{{ { ▓▓▓▓▓▓▓▓▓▓▓▓▓▓▓▓▓▓▓▓▓▓▓▓ {{{{{

{{oooo$o$ov$'......[[[[.)[[
▓▓▓▓▓▓▓▓▓▓▓▓▓▓▓▓▓▓▓▓▓▓▓▓▓▓▓▓▓▓▓▓▓
.................................
▓▓▓▓▓▓▓▓▓▓▓▓▓▓▓▓▓▓▓▓▓▓▓▓▓▓▓▓▓▓▓▓▓
....'......∩..'.........'.......(
▓▓▓▓▓▓▓▓▓▓▓▓▓▓▓▓▓▓▓▓▓▓▓▓▓▓▓▓▓▓▓▓▓
.................................
▓▓▓▓▓▓▓▓▓▓▓▓▓▓▓▓▓▓▓▓▓▓▓▓▓▓▓▓▓▓▓▓▓
)/?.'____.___________________'...


You could see 3 orc warriors, an orc priest and an orc.

Vanquished Creatures
  A hydra (D)
  2 catoblepae (D)
  5 death yaks (D)
  3 orc knights (D)
  A manticore (D)
  An elephant (D)
  2 spiny frogs (D)
  2 black mambas (D)
  A rime drake (D)
  A blink frog (D)
  A hippogriff (D)
  4 yaks (D)
  A water moccasin (D)
  4 porcupines (D)
  5 orc warriors (D)
  A sky beast (D)
  A necrophage (D)
  A crocodile (D)
  2 bullfrogs (D)
  A jelly (D)
  5 orc priests (D)
  2 orc wizards (D)
  2 worker ants (D)
  2 adders (D)
  A dart slug (D)
  2 leopard geckos (D)
  8 orcs (D)
  2 bats (D)
  A bat zombie (D)
  A goblin (D)
  A quokka (D)
67 creatures vanquished.

Notes
Turn   | Place    | Note
-------+----------+-------------------------------------------
     0 | D        | potatolord6000 the Formicid Fighter began the quest for the Orb.
     0 | D        | Reached XP level 1. HP: 18/18 MP: 1/1
     7 | D        | Reached skill level 4 in Shields
    16 | D        | Reached XP level 2. HP: 25/25 MP: 2/2
    39 | D        | Reached skill level 5 in Shields
    39 | D        | Reached XP level 3. HP: 15/31 MP: 3/3
    44 | D        | Reached skill level 5 in Fighting
    44 | D        | Reached skill level 5 in Armour
    48 | D        | Reached XP level 4. HP: 30/39 MP: 4/4
    55 | D        | Found a roughly hewn altar of Beogh.
    55 | D        | Found a snail-covered altar of Cheibriados.
    55 | D        | Found a shadowy altar of Dithmenos.
    55 | D        | Found a white marble altar of Elyvilon.
    55 | D        | Found a blossoming altar of Fedhas.
    55 | D        | Found an opulent altar of Gozag.
    56 | D        | Found a hazy altar of Hepliaklqana.
    57 | D        | Found a viscous altar of Jiyva.
    58 | D        | Found an ancient bone altar of Kikubaaqudgha.
    59 | D        | Found a corrupted altar of Lugonu.
    61 | D        | Became a worshipper of Cheibriados the Contemplative
    63 | D        | Found a burning altar of Makhleb.
    64 | D        | Found a sparkling altar of Nemelex Xobeh.
    65 | D        | Found an iron altar of Okawaru.
    66 | D        | Found a stormy altar of Qazlal.
    67 | D        | Found a sacrificial altar of Ru.
    68 | D        | Found a deep blue altar of Sif Muna.
    69 | D        | Found a bloodstained altar of Trog.
    70 | D        | Found a hide-covered altar of Uskayaw.
    71 | D        | Found a radiant altar of Vehumet.
    73 | D        | Found a shimmering altar of Xom.
    74 | D        | Found a basalt altar of Yredelemnul.
    75 | D        | Found a glowing silver altar of Zin.
    76 | D        | Found a glowing golden altar of the Shining One.
    92 | D        | Fell from the grace of Cheibriados
    92 | D        | Became a worshipper of Gozag Ym Sagoz the Greedy
   166 | D        | Noticed a necrophage
   166 | D        | Noticed a yak
   166 | D        | Noticed a sky beast
   170 | D        | Reached skill level 6 in Shields
   176 | D        | Killed a sky beast
   176 | D        | Reached skill level 5 in Polearms
   176 | D        | Reached skill level 7 in Shields
   176 | D        | Reached XP level 5. HP: 25/47 MP: 5/5
   180 | D        | Killed a yak
   180 | D        | Reached skill level 8 in Shields
   180 | D        | Reached XP level 6. HP: 29/56 MP: 6/6
   191 | D        | Killed a necrophage
   191 | D        | Reached skill level 9 in Shields
   191 | D        | Reached XP level 7. HP: 29/63 MP: 7/7
   404 | D        | Noticed a manticore
   404 | D        | Noticed a yak
   410 | D        | Killed a yak
   414 | D        | Killed a manticore
   414 | D        | Reached skill level 10 in Fighting
   414 | D        | Reached skill level 10 in Armour
   414 | D        | Reached skill level 10 in Shields
   414 | D        | Reached XP level 8. HP: 72/72 MP: 8/8
   562 | D        | Gained mutation: You are resistant to hostile enchantments. (MR+) [potion of mutation]
   562 | D        | Gained mutation: Your muscles are strong. (Str +2) [potion of mutation]
   575 | D        | Noticed a spiny frog
   575 | D        | Noticed a four-headed hydra
   576 | D        | Noticed a blink frog
   583 | D        | Killed a nine-headed hydra
   583 | D        | Reached skill level 10 in Polearms
   583 | D        | Reached skill level 12 in Shields
   583 | D        | Reached XP level 9. HP: 35/81 MP: 9/9
   595 | D        | Noticed a hippogriff
   602 | D        | Killed a spiny frog
   613 | D        | Killed a hippogriff
   613 | D        | Reached skill level 13 in Shields
   616 | D        | Killed a blink frog
   733 | D        | Bought the ring of Zucylyu {*Slow rF+ MR+ Str+8 SInv} for 761 gold pieces
   843 | D        | Noticed a black mamba
   843 | D        | Noticed a spiny frog
   847 | D        | Noticed a black mamba
   848 | D        | Reached XP level 10. HP: 90/90 MP: 10/10
   853 | D        | Noticed a rime drake
   861 | D        | Killed a spiny frog
   866 | D        | Killed a black mamba
   870 | D        | Killed a black mamba
   870 | D        | Reached skill level 14 in Shields
   873 | D        | Killed a rime drake
   876 | D        | Noticed an elephant
   888 | D        | Killed an elephant
   912 | D        | Noticed a death yak
   912 | D        | Noticed a death yak
   912 | D        | Noticed a death yak
   912 | D        | Noticed a death yak
   912 | D        | Noticed a catoblepas
   913 | D        | Noticed a death yak
   927 | D        | Killed a catoblepas
   940 | D        | Killed a death yak
   940 | D        | Reached XP level 11. HP: 68/99 MP: 11/11
   949 | D        | Killed a death yak
   949 | D        | Reached skill level 15 in Shields
   950 | D        | Noticed a catoblepas
   956 | D        | Killed a death yak
   965 | D        | Killed a death yak
   977 | D        | Killed a death yak
  1008 | D        | Killed a catoblepas
  1008 | D        | Reached skill level 16 in Shields
  1049 | D        | Bought a +1 pair of gloves of dexterity for 297 gold pieces
  1330 | D        | Reached skill level 15 in Fighting
  1330 | D        | Reached skill level 15 in Armour
  1341 | D        | Noticed an orc knight
  1350 | D        | Killed an orc knight
  1401 | D        | Bought a potion of curing for 42 gold pieces
  1401 | D        | Bought a potion of heal wounds for 70 gold pieces
  1401 | D        | Bought a potion of might for 56 gold pieces
  1416 | D        | Noticed an orc knight
  1416 | D        | Noticed an orc knight
  1431 | D        | Killed an orc knight
  1447 | D        | Killed an orc knight
  1447 | D        | Reached XP level 12. HP: 29/110 MP: 12/12
  1451 | D        | Slain by an orc warrior

Skill      XL: |  1  2  3  4  5  6  7  8  9 10 11 |
---------------+----------------------------------+-----
Shields        | 4 5 7 8 9 10 12 13 14 16 | 16.6
Armour         | 4 5 6 7 8 10 11 12 13 15 | 15.4
Fighting       | 4 5 6 7 8 10 11 12 13 15 | 15.4
Polearms       | 3 5 6 7 8 10 11 12 14 | 14.2

Action                   |  1- 3 |  4- 6 |  7- 9 | 10-12 || total
-------------------------+-------+-------+-------+-------++-------
Melee: Trident           |    33 |       |       |       ||    33
       Halberd           |       |    24 |    64 |   132 ||   220
       Unarmed           |       |       |       |    16 ||    16
Invok: Call Merchant     |       |       |     1 |     3 ||     4
  Use: Potion            |     2 |       |     5 |     5 ||    12
 Stab: Distracted        |       |       |     1 |     2 ||     3
       Petrified         |       |       |       |     1 ||     1
  Eat: Bread ration      |       |       |       |     1 ||     1
Armor: Scale mail        |    12 |       |       |       ||    12
       Plate armour      |       |    13 |    36 |    65 ||   114
Dodge: Dodged            |    12 |     3 |    18 |    22 ||    55
Block: Shield            |    13 |    10 |    54 |    44 ||   121
